 Dungeon Sprint DCSS version 0.17-a0-1718-g72dbe4d (webtiles) character file.

17500000 ztt the Archmage (level 27, -60/273 HPs)
             Began as a Ghoul Wizard on Aug 25, 2015.
             Was the Champion of Makhleb.
             Annihilated by a fleshlord
             ... wielding a +9 great mace
              (237 damage)
             ... while paralysed
             ... in the Dungeon (Sprint VIII: "Arena of Blood").
             The game lasted 00:04:23 (175 turns).

ztt the Archmage (Ghoul Wizard)                      Turns: 175, Time: 00:04:23

Health: -60/273    AC:  4    Str: 24    XL:     27
Magic:  53/53      EV:  2    Int: 13    God:    Makhleb [******]
Gold:   0          SH:  0    Dex:  7    Spells: 1 memorised, 79 levels left

rFire  . . .     SeeInvis +     k - +∞ Axe of Woe
rCold  + . .     Clarity  .     a - +0 robe
rNeg   + + +     SustAt   .     (no shield)
rPois  ∞         Gourm    .     b - +0 hat
rElec  .         Spirit   .     (no cloak)
rCorr  .         Warding  .     (no gloves)
rMut   .         NoTele   +     (no boots)
MR     ++...                    (no amulet)
Stlth  ..........               (no ring)
                                l - ring of see invisible

@: paralysed, rotting, slowed, lost dexterity, very resistant to hostile
enchantments, extremely unstealthy
A: rotting body, claws 1, carnivore 3, cold resistance 1, negative energy
resistance 3, slow healing 1, torment resistance, unbreathing
a: Minor Destruction, Lesser Servant of Makhleb, Major Destruction, Greater
Servant of Makhleb, Renounce Religion


You were in the Dungeon.
You worshipped Makhleb.
Makhleb was exalted by your worship.
You were not hungry.

You visited 1 branch

Inventory:

Hand weapons
 k - the +∞ Axe of Woe (weapon)
   (You found it in the Dungeon)
Armour
 a - a +0 robe (worn)
 b - a +0 hat (worn)
Jewellery
 l - a ring of see invisible (left claw)
Scrolls
 j - a scroll of blinking
Potions
 e - a potion of curing
 f - a potion of heal wounds
 g - a potion of haste
 h - 2 potions of magic
 i - a potion of berserk rage
Books
 c - a book of Minor Magic

   Spells                             Type                      Level
   a - Magic Dart                     Conjuration                  1
   b - Blink                          Translocation                2
   c - Call Imp                       Summoning                    2
   d - Repel Missiles                 Charms/Air                   2
   e - Slow                           Hexes                        2
   f - Conjure Flame                  Conjuration/Fire             3
   g - Mephitic Cloud                 Conjuration/Poison/Air       3
Comestibles
 d - a meat ration


   Skills:
 O Level 27 Fighting
 O Level 27 Axes
 O Level 27 Throwing
 O Level 27 Armour
 O Level 27 Dodging
 O Level 27 Stealth
 O Level 27 Unarmed Combat
 O Level 27 Spellcasting
 O Level 27 Conjurations
   Level 0.8 Summonings
   Level 0.8 Translocations
 O Level 27 Invocations


You had 79 spell levels left.
You knew the following spells:

 Your Spells              Type           Power        Failure   Level  Hunger
a - Magic Dart            Conj           ####         0%          1    None


Dungeon Overview and Level Annotations

Branches:
Dungeon (1/1)

Altars:
Makhleb


Innate Abilities, Weirdness & Mutations

Your body is rotting away.
You thrive on raw meat.
You are immune to poison.
You have sharp fingernails.
You are carnivorous and can eat meat at any time.
Your flesh is cold resistant.
You are immune to negative energy.
You heal slowly when monsters are visible.
You are immune to unholy pain and torment.
You can survive without breathing.


Message History

The fleshlord points at you and mumbles some strange words.
You feel as though you will be slow longer.
The fleshlord casts a spell at you.
You barely resist.
You hear a shout!
The observer gazes at you. Something smites you!
The meat berserker hits you with a +9 battleaxe!!!
A dread comes into view.
You hear a shout! x2
The fleshlord points at you and mumbles some strange words.
You feel as though you will be slow longer.
You hear a shout! x3
The fleshlord points at you and mumbles some strange words.
You barely resist.
The meat berserker hits you with a +9 battleaxe!!!
You hear a shout!
The fleshlord hits you with a +9 great mace!!!!!
Ouch! That really hurt!
You die...

.#.%..%..#.. .......
.#..%....#..........S.#.
...%)...%...............
.))))..%.....#...#......
.).).%......#....#.XXX.#
.))).....)##)...S#So.X.#
#..)).§§.#)))...#G.L.# .
%..)%)..%#)))###poW.#...
#.#.....%%))).).@o#.....
.......%.o..o))O)%o.....
...#...).####...p.....##
....)).%%..#.......####
.....)))).SW....####
.........D...####
##############


You could see 2 tentacled monstrosities, a tyrant, an eight-headed meat hydra
(wandering), an observer (invisible), 3 scourges, 2 fleshlords, 2 large
abominations, 2 dreads, a meat berserker (berserk) and 6 bags of meat.

Vanquished Creatures
  7 hell knights (D)
  6 hell beasts (D)
  7 greater mummies (D)
  10 great orbs of eyes (D)
  7 wraiths (D)
  17 vampire knights (D)
  29 ogres (D)
  3 liches (D)
  6 hydras (D)
  60 orcs (D)
  9 phantoms (D)
  6 hill giants (D)
  8 skeletal warriors (D)
  7 sea snakes (D)
  2 large abominations (D)
  7 small abominations (D)
  7 crawling corpses (D)
198 creatures vanquished.

Vanquished Creatures (others)
  5 crawling corpses (D)
5 creatures vanquished.

Grand Total: 203 creatures vanquished

Notes
Turn   | Place    | Note
--------------------------------------------------------------
     0 | D        | ztt the Ghoul Wizard began the quest for the Orb.
     0 | D        | Reached XP level 1. HP: 14/14 MP: 3/3
     3 | D        | Noticed a bag of meat
     4 | D        | Became a worshipper of Makhleb the Destroyer
     5 | D        | Noticed a bag of meat
     8 | D        | Killed a bag of meat
     8 | D        | Reached skill level 3 in Fighting
     8 | D        | Reached skill level 10 in Dodging
     8 | D        | Reached skill level 11 in Stealth
     8 | D        | Reached skill level 20 in Spellcasting
     8 | D        | Reached XP level 2. HP: 19/26 MP: 3/22
     8 | D        | Reached XP level 3. HP: 22/31 MP: 3/23
     8 | D        | Reached XP level 4. HP: 26/38 MP: 3/25
     8 | D        | Reached XP level 5. HP: 30/45 MP: 3/26
     8 | D        | Reached XP level 6. HP: 34/51 MP: 3/28
     8 | D        | Reached XP level 7. HP: 38/57 MP: 3/29
     8 | D        | Reached XP level 8. HP: 42/63 MP: 3/31
     8 | D        | Reached XP level 9. HP: 46/69 MP: 3/32
     8 | D        | Reached XP level 10. HP: 51/77 MP: 3/33
     8 | D        | Reached XP level 11. HP: 54/82 MP: 3/34
     8 | D        | Reached XP level 12. HP: 58/89 MP: 3/35
     9 | D        | Noticed a bag of meat
     9 | D        | Noticed a bag of meat
    11 | D        | Killed a bag of meat
    11 | D        | Acquired Makhleb's first power
    11 | D        | Reached skill level 22 in Spellcasting
    11 | D        | Reached XP level 13. HP: 93/96 MP: 3/38
    12 | D        | Noticed a bag of meat
    12 | D        | Noticed a meat berserker
    15 | D        | Noticed a meat berserker
    15 | D        | Killed a bag of meat
    15 | D        | Reached skill level 24 in Spellcasting
    15 | D        | Reached XP level 14. HP: 99/105 MP: 5/41
    15 | D        | Killed a meat berserker
    15 | D        | Acquired Makhleb's second power
    15 | D        | Reached skill level 15 in Stealth
    15 | D        | Reached skill level 27 in Spellcasting
    15 | D        | Reached XP level 15. HP: 104/117 MP: 5/45
    16 | D        | Noticed a meat berserker
    16 | D        | Killed a meat berserker
    16 | D        | Reached skill level 10 in Fighting
    16 | D        | Reached skill level 5 in Conjurations
    16 | D        | Reached XP level 16. HP: 110/134 MP: 5/46
    17 | D        | Noticed a bag of meat
    17 | D        | Killed a bag of meat
    17 | D        | Acquired Makhleb's third power
    17 | D        | Reached skill level 10 in Axes
    18 | D        | Killed a bag of meat
    19 | D        | Noticed a bag of meat
    19 | D        | Noticed a bag of meat
    19 | D        | Noticed a bag of meat
    19 | D        | Killed a meat berserker
    19 | D        | Reached XP level 17. HP: 139/154 MP: 7/47
    19 | D        | Killed a bag of meat
    19 | D        | Acquired Makhleb's fourth power
    19 | D        | Reached skill level 15 in Fighting
    19 | D        | Reached skill level 15 in Axes
    20 | D        | Noticed a bag of meat
    20 | D        | Noticed a meat berserker
    21 | D        | Noticed a bag of meat
    21 | D        | Noticed a large bag of meat
    21 | D        | Noticed a meat berserker
    22 | D        | Noticed a bag of meat
    22 | D        | Noticed a bag of meat
    23 | D        | Noticed a bag of meat
    23 | D        | Noticed a meat berserker
    23 | D        | Noticed a bag of meat
    24 | D        | Noticed a meat berserker
    24 | D        | Killed a meat berserker
    24 | D        | Reached XP level 18. HP: 163/168 MP: 8/48
    24 | D        | Killed a meat berserker
    24 | D        | Acquired Makhleb's fifth power
    24 | D        | Reached skill level 27 in Dodging
    24 | D        | Reached skill level 27 in Stealth
    25 | D        | Noticed a large bag of meat
    26 | D        | Noticed a large bag of meat
    27 | D        | Noticed a bag of meat
    27 | D        | Killed a meat berserker
    27 | D        | Reached XP level 19. HP: 174/191 MP: 9/49
    28 | D        | Noticed a bag of meat
    28 | D        | Noticed a destroyer
    28 | D        | Noticed a bag of meat
    29 | D        | Noticed a sculptor of flesh
    29 | D        | Killed a bag of meat
    29 | D        | Reached skill level 10 in Conjurations
    29 | D        | Killed a bag of meat
    30 | D        | Noticed a bag of meat
    30 | D        | Killed a bag of meat
    30 | D        | Reached skill level 27 in Axes
    30 | D        | Killed a large bag of meat
    30 | D        | Reached skill level 27 in Fighting
    30 | D        | Reached XP level 20. HP: 212/216 MP: 10/50
    31 | D        | Noticed a bag of meat
    31 | D        | Noticed a bag of meat
    31 | D        | Noticed a bag of meat
    31 | D        | Noticed a destroyer
    31 | D        | Noticed a sculptor of flesh
    32 | D        | Noticed a bag of meat
    32 | D        | Noticed a sculptor of flesh
    32 | D        | Noticed a sculptor of flesh
    32 | D        | Killed a bag of meat
    32 | D        | Killed a bag of meat
    32 | D        | Killed a meat berserker
    33 | D        | Noticed a meat berserker
    33 | D        | Noticed a large bag of meat
    33 | D        | Noticed a destroyer
    33 | D        | Killed a bag of meat
    33 | D        | Reached XP level 21. HP: 224/224 MP: 11/51
    33 | D        | Killed a large bag of meat
    33 | D        | Reached skill level 27 in Conjurations
    34 | D        | Noticed a bag of meat
    34 | D        | Killed a large bag of meat
    34 | D        | Reached skill level 5 in Throwing
    34 | D        | Reached skill level 5 in Armour
    34 | D        | Killed a destroyer
    34 | D        | Killed a destroyer
    34 | D        | Reached skill level 15 in Throwing
    34 | D        | Reached skill level 15 in Armour
    34 | D        | Reached XP level 22. HP: 233/233 MP: 11/52
    35 | D        | Noticed a sculptor of flesh
    35 | D        | Noticed a bag of meat
    35 | D        | Noticed a bag of meat
    35 | D        | Noticed a destroyer
    35 | D        | Noticed a meat berserker
    35 | D        | Noticed a destroyer
    35 | D        | Killed a sculptor of flesh
    35 | D        | Killed a bag of meat
    36 | D        | Killed a bag of meat
    36 | D        | Killed a destroyer
    36 | D        | Reached XP level 23. HP: 240/240 MP: 12/53
    36 | D        | Killed a sculptor of flesh
    37 | D        | Noticed a bag of meat
    37 | D        | Killed a bag of meat
    38 | D        | Noticed a bag of meat
    38 | D        | Killed a bag of meat
    38 | D        | Killed a meat berserker
    38 | D        | Killed a destroyer
    38 | D        | Reached skill level 27 in Unarmed Combat
    38 | D        | Reached skill level 27 in Invocations
    38 | D        | Reached XP level 24. HP: 249/249 MP: 12/53
    39 | D        | Noticed a bag of meat
    39 | D        | Killed a bag of meat
    39 | D        | Reached skill level 27 in Throwing
    39 | D        | Reached skill level 27 in Armour
    39 | D        | Killed a sculptor of flesh
    39 | D        | Killed a bag of meat
    39 | D        | Killed a bag of meat
    39 | D        | Noticed a bag of meat
    40 | D        | Noticed a bag of meat
    40 | D        | Killed a bag of meat
    40 | D        | Killed a sculptor of flesh
    40 | D        | Noticed a destroyer
    41 | D        | Noticed a bag of meat
    41 | D        | Noticed a destroyer
    41 | D        | Killed a meat berserker
    41 | D        | Reached XP level 25. HP: 257/257 MP: 13/53
    42 | D        | Noticed a bag of meat
    42 | D        | Noticed a large bag of meat
    42 | D        | Killed a large bag of meat
    43 | D        | Noticed a meat berserker
    43 | D        | Killed a sculptor of flesh
    43 | D        | Killed a bag of meat
    43 | D        | Killed a destroyer
    44 | D        | Noticed a bag of meat
    44 | D        | Noticed an accursed
    44 | D        | Killed a bag of meat
    44 | D        | Reached XP level 26. HP: 266/266 MP: 14/53
    45 | D        | Noticed a destroyer
    45 | D        | Noticed a bag of meat
    45 | D        | Killed a bag of meat
    46 | D        | Noticed a tyrant
    46 | D        | Killed a bag of meat
    47 | D        | Killed a meat berserker
    47 | D        | Killed a destroyer
    47 | D        | Killed a bag of meat
    47 | D        | Reached XP level 27. HP: 273/273 MP: 14/53
    47 | D        | Killed a destroyer
    48 | D        | Noticed a meat berserker
    48 | D        | Killed a bag of meat
    48 | D        | Killed a destroyer
    48 | D        | Killed an accursed
    50 | D        | Killed a bag of meat
    50 | D        | Killed a bag of meat
    50 | D        | Killed a meat berserker
    50 | D        | Killed a bag of meat
    51 | D        | Noticed a meat berserker
    52 | D        | Killed a tyrant
    55 | D        | Killed a bag of meat
    55 | D        | Killed a large bag of meat
    55 | D        | Killed a bag of meat
    55 | D        | Killed a meat berserker
    56 | D        | Noticed a meat berserker
    58 | D        | Noticed a dread
    59 | D        | Noticed a dread
    61 | D        | Killed a bag of meat
    61 | D        | Killed a meat berserker
    62 | D        | Noticed a meat berserker
    63 | D        | Killed a dread
    64 | D        | Noticed a tyrant
    64 | D        | Killed a bag of meat
    66 | D        | Noticed a dread
    66 | D        | Noticed a meat berserker
    66 | D        | Killed a dread
    67 | D        | Killed a meat berserker
    72 | D        | Killed a meat berserker
    73 | D        | Noticed a meat berserker
    73 | D        | Noticed a wretched soul
    74 | D        | Noticed a wretched soul
    74 | D        | Killed a tyrant
    75 | D        | Noticed a meat beast
    76 | D        | Noticed a bag of meat
    76 | D        | Noticed a wretched soul
    76 | D        | Killed a dread
    77 | D        | Killed a meat berserker
    79 | D        | Killed a meat beast
    80 | D        | Killed a wretched soul
    81 | D        | Killed a bag of meat
    82 | D        | Killed a wretched soul
    84 | D        | Noticed a wretched soul
    84 | D        | Killed a wretched soul
    86 | D        | Noticed a meat beast
    86 | D        | Noticed an observer
    86 | D        | Noticed an accursed
    86 | D        | Killed an observer
    86 | D        | Killed a wretched soul
    88 | D        | Noticed an observer
    88 | D        | Noticed an accursed
    88 | D        | Killed a meat beast
    89 | D        | Noticed a bag of meat
    92 | D        | Noticed a tyrant
    93 | D        | Killed an accursed
    93 | D        | Killed a tyrant
    94 | D        | Noticed an observer
    94 | D        | Killed an observer
    98 | D        | Killed a bag of meat
    98 | D        | Killed an observer
   100 | D        | Noticed an accursed
   100 | D        | Noticed a meat berserker
   101 | D        | Killed an accursed
   102 | D        | Noticed a bag of meat
   103 | D        | Noticed a bag of meat
   105 | D        | Killed a meat berserker
   106 | D        | Noticed an accursed
   109 | D        | Noticed a dread
   109 | D        | Killed a bag of meat
   109 | D        | Killed an accursed
   110 | D        | Killed a bag of meat
   113 | D        | Noticed an observer
   113 | D        | Noticed a bag of meat
   114 | D        | Noticed a wretched soul
   114 | D        | Killed an accursed
   115 | D        | Noticed a bag of meat
   116 | D        | Noticed a fleshlord
   116 | D        | Noticed a large bag of meat
   118 | D        | Killed a dread
   120 | D        | Killed a bag of meat
   120 | D        | Killed an observer
   122 | D        | Noticed a fleshlord
   122 | D        | Killed a wretched soul
   123 | D        | Noticed a meat berserker
   124 | D        | Noticed an observer
   124 | D        | Killed a large bag of meat
   125 | D        | Noticed an observer
   125 | D        | Killed a fleshlord
   126 | D        | Noticed a fleshlord
   127 | D        | Killed a meat berserker
   127 | D        | Noticed a fleshlord
   128 | D        | Noticed a meat berserker
   128 | D        | Killed a fleshlord
   130 | D        | Noticed a meat berserker
   130 | D        | Noticed a dread
   130 | D        | Noticed a destroyer
   130 | D        | Noticed a meat berserker
   130 | D        | Noticed an observer
   131 | D        | Noticed a bag of meat
   131 | D        | Noticed a destroyer
   131 | D        | Killed an observer
   131 | D        | Killed a meat berserker
   131 | D        | Killed a fleshlord
   131 | D        | Noticed a bag of meat
   132 | D        | Noticed a bag of meat
   132 | D        | Noticed a meat berserker
   132 | D        | Noticed a destroyer
   132 | D        | Noticed a meat berserker
   132 | D        | Killed an observer
   132 | D        | Killed an observer
   132 | D        | Killed a destroyer
   133 | D        | Noticed a meat berserker
   133 | D        | Noticed a bag of meat
   133 | D        | Killed a meat berserker
   133 | D        | Killed a dread
   133 | D        | Killed a meat berserker
   134 | D        | Noticed a meat beast
   134 | D        | Noticed a wretched soul
   134 | D        | Noticed a dread
   134 | D        | Noticed a destroyer
   135 | D        | Noticed an accursed
   135 | D        | Noticed a bag of meat
   135 | D        | Noticed a fleshlord
   135 | D        | Killed a meat berserker
   136 | D        | Noticed a bag of meat
   136 | D        | Killed a meat beast
   136 | D        | Killed a meat berserker
   137 | D        | Killed a destroyer
   137 | D        | Killed a fleshlord
   137 | D        | Noticed an observer
   138 | D        | Killed a meat berserker
   139 | D        | Noticed a meat berserker
   139 | D        | Noticed a meat beast
   139 | D        | Killed a bag of meat
   140 | D        | Noticed a bag of meat
   140 | D        | Killed a meat beast
   140 | D        | Killed a bag of meat
   141 | D        | Noticed a bag of meat
   141 | D        | Noticed a bag of meat
   141 | D        | Killed a bag of meat
   141 | D        | Killed a bag of meat
   141 | D        | Killed a destroyer
   141 | D        | Killed a bag of meat
   141 | D        | Killed a destroyer
   141 | D        | Killed a wretched soul
   141 | D        | Killed a fleshlord
   142 | D        | Noticed a bag of meat
   142 | D        | Killed a bag of meat
   142 | D        | Killed a bag of meat
   142 | D        | Noticed a fleshlord
   143 | D        | Noticed a dread
   143 | D        | Killed a meat berserker
   144 | D        | Noticed a bag of meat
   144 | D        | Noticed a wretched soul
   144 | D        | Killed a bag of meat
   146 | D        | Noticed a destroyer
   146 | D        | Killed a wretched soul
   146 | D        | Killed a bag of meat
   146 | D        | Killed an accursed
   147 | D        | Noticed a destroyer
   147 | D        | Killed a bag of meat
   147 | D        | Killed a bag of meat
   148 | D        | Killed an observer
   148 | D        | Killed a dread
   149 | D        | Noticed a fleshlord
   149 | D        | Killed a fleshlord
   149 | D        | Killed a dread
   150 | D        | Killed a destroyer
   151 | D        | Noticed a bag of meat
   151 | D        | Killed a bag of meat
   151 | D        | Killed a destroyer
   152 | D        | Noticed a wretched soul
   152 | D        | Noticed a meat beast
   153 | D        | Noticed a destroyer
   153 | D        | Noticed a destroyer
   154 | D        | Killed a meat beast
   155 | D        | Killed a destroyer
   156 | D        | Noticed a meat berserker
   157 | D        | Noticed a meat berserker
   157 | D        | Noticed a sculptor of flesh
   158 | D        | Noticed a sculptor of flesh
   158 | D        | Noticed a bag of meat
   158 | D        | Killed a bag of meat
   159 | D        | Noticed an observer
   159 | D        | Killed a fleshlord
   159 | D        | Killed a destroyer
   159 | D        | Noticed a bag of meat
   159 | D        | Noticed a bag of meat
   160 | D        | Noticed a wretched soul
   160 | D        | Killed a wretched soul
   160 | D        | Killed a meat berserker
   160 | D        | Killed a meat berserker
   161 | D        | Noticed a bag of meat
   161 | D        | Noticed an accursed
   161 | D        | Noticed a meat berserker
   161 | D        | Noticed a destroyer
   161 | D        | Noticed a bag of meat
   162 | D        | Noticed a sculptor of flesh
   162 | D        | Noticed a bag of meat
   163 | D        | Noticed a meat beast
   163 | D        | Noticed a bag of meat
   163 | D        | Noticed a meat berserker
   163 | D        | Killed a bag of meat
   164 | D        | Noticed a bag of meat
   164 | D        | Noticed a bag of meat
   164 | D        | Killed a destroyer
   164 | D        | Killed a bag of meat
   165 | D        | Noticed a bag of meat
   165 | D        | Killed a meat berserker
   165 | D        | Killed a sculptor of flesh
   166 | D        | Noticed a bag of meat
   166 | D        | Noticed a fleshlord
   166 | D        | Noticed an observer
   166 | D        | Noticed a dread
   166 | D        | Killed a bag of meat
   167 | D        | Killed a wretched soul
   167 | D        | Killed a meat beast
   167 | D        | Killed an observer
   167 | D        | Noticed a bag of meat
   169 | D        | Noticed a tyrant
   169 | D        | Noticed an observer
   169 | D        | Killed an observer
   169 | D        | Killed a meat berserker
   169 | D        | Killed a sculptor of flesh
   170 | D        | Noticed a fleshlord
   170 | D        | Killed a bag of meat
   170 | D        | Killed a bag of meat
   170 | D        | Killed a bag of meat
   171 | D        | Noticed a bag of meat
   171 | D        | Noticed a meat berserker
   172 | D        | Killed a sculptor of flesh
   172 | D        | Killed a bag of meat
   172 | D        | Killed a bag of meat
   173 | D        | Noticed a bag of meat
   174 | D        | Killed a bag of meat
   174 | D        | Killed an accursed
   174 | D        | Lost dexterity.
   175 | D        | Noticed a dread
   175 | D        | Annihilated by a fleshlord

Vault maps used:
D:        meatsprint

Action                   |  1- 3 |  4- 6 |  7- 9 | 10-12 | 13-15 | 16-18 | 19-21 | 22-24 | 25-27 || total
-------------------------+-------+-------+-------+-------+-------+-------+-------+-------+-------++-------
Melee: Executioner's axe |     1 |       |       |     1 |     2 |     5 |     5 |     7 |    84 ||   105
